 Dungeon Crawl Stone Soup version 0.23.2-1-ga50397a (webtiles) character file.

Game seed: 16929072990617482994

44 whitewolfNL the Cudgeler (level 3, -1/36 HPs)
             Began as a Troll Berserker on Apr 16, 2019.
             Was a Believer of Trog.
             Slain by a worker ant (3 damage)
             ... on level 2 of the Dungeon.
             The game lasted 00:08:03 (1353 turns).

whitewolfNL the Cudgeler (Troll Berserker)          Turns: 1353, Time: 00:08:04

Health: -1/36      AC:  7    Str: 25    XL:     3   Next: 41%
Magic:  2/2        EV:  5    Int:  3    God:    Trog [**....]
Gold:   39         SH: 12    Dex: 12    Spells: 2/2 levels left

rFire    . . .     SeeInvis .   a - +0 mace
rCold    . . .     Gourm    +   n - +0 large shield
rNeg     . . .     Faith    .   i - +0 robe
rPois    .         Spirit   .   (helmet restricted)
rElec    .         Reflect  .   f - +0 cloak
rCorr    .         Harm     .   (gloves unavailable)
MR       .....                  (boots unavailable)
Stlth    +.........             (no amulet)
HPRegen  0.52/turn              (no ring)
MPRegen  0.08/turn              (no ring)

@: lethally poisoned (-1 -> -4), heavily drained
A: large, unfitting armour, claws 3, agile 1, blink, fast metabolism 3,
gourmand, regeneration 1, shaggy fur 1, tough skin 3
a: Blink, Berserk, Trog's Hand, Renounce Religion


You were on level 2 of the Dungeon.
You worshipped Trog.
Trog was pleased with you.
You were very full.

You visited 1 branch of the dungeon, and saw 2 of its levels.

You collected 39 gold pieces.

Inventory:

Hand Weapons
 a - a +0 mace (weapon)
Missiles
 h - 5 poisoned javelins (quivered)
Armour
 f - a +0 cloak (worn)
 i - a +0 robe (worn)
 n - a +0 large shield (worn)
Jewellery
 o - an uncursed ring of flight {unknown}
Scrolls
 g - a scroll of enchant weapon {unknown}
 j - 3 scrolls of identify {unknown}
 m - 2 scrolls of immolation {unknown}
Comestibles
 c - 5 rations
 p - 2 chunks of flesh


   Skills:
 * Level 2.8(1.3) Fighting
 * Level 3.3(1.7) Maces & Flails
 * Level 2.7(1.2) Dodging
 + Level 0.1(0.0) Stealth
 * Level 0.1(0.0) Shields


You had 2 spell levels left.
You didn't know any spells.
Your spell library was empty.

Dungeon Overview and Level Annotations

Branches:
Dungeon (2/15)

Altars:


Innate Abilities, Weirdness & Mutations

You are too large for most types of armour.
You have claws for hands.
Your metabolism is lightning-fast.
You like to eat raw meat.
Your natural rate of healing is unusually fast.
You are covered in fur. (AC +1)
You have extremely tough skin. (AC +3)
You are agile. (Dex +2)
You can translocate small distances at will.


Message History

The worker ant is almost dead.
You feel sick. The worker ant bites you.
* * * LOW HITPOINT WARNING * * *
You are more poisoned.
The worker ant poisons you!
The kobold hits you with a +0 short sword.
* * * LOW HITPOINT WARNING * * *
The worker ant bites you but does no damage.
As you read the scroll labeled VANADGH GENYZO, it crumbles to dust.
The scroll dissolves into smoke.
It was a scroll of fog.
* * * LOW HITPOINT WARNING * * *
You feel sick.
The worker ant bites you but does no damage.
The kobold hits you but does no damage.
As you read the scroll labeled CIANWE JENIGI, it crumbles to dust.
The dust glows mottled aubergine!
It was a scroll of random uselessness.
* * * LOW HITPOINT WARNING * * *
You feel sick. You block the worker ant's attack.
The kobold hits you but does no damage. The worker ant bites you.
You die...

#
#.....#....#.##....(...#
### #.##..#.#.##
##..w####..... ..# #
#....#.##.##...# ##.#..
#.# #.........##...#
.... #.#
#.......#......# #..#
#.# #..#.#.....#...# ...
..# #....##§####...# ###
##.#.§§§a§.....#
#.#..§@Kw.#...#
#.#.§§###.#...#
#.##§#..#.#####
#.##.#..#.# #.#.##.#
..#....# ########


You could see a worm, a worker ant and a kobold.

Vanquished Creatures
  A worm (D:2)
  A dart slug (D:1)
  3 leopard geckos (D:1)
  2 giant cockroaches (D:1)
  7 goblins
  4 hobgoblins (D:1)
  5 kobolds (D:1)
  A quokka (D:2)
  3 bats (D:1)
  2 frilled lizards
  4 rats (D:1)
33 creatures vanquished.

Notes
Turn   | Place    | Note
-------+----------+-------------------------------------------
     0 | D:1      | whitewolfNL the Troll Berserker began the quest for the
                  | Orb.
     0 | D:1      | Reached XP level 1. HP: 22/22 MP: 0/0
    76 | D:1      | Reached XP level 2. HP: 29/29 MP: 1/1
   201 | D:1      | Reached skill level 3 in Maces & Flails
   465 | D:1      | Reached ** piety under Trog
   514 | D:1      | Reached XP level 3. HP: 36/36 MP: 2/2
  1312 | D:2      | Gained mutation: You can translocate small distances at
                  | will. [potion of mutation]
  1312 | D:2      | Gained mutation: You are agile. (Dex +2) [potion of
                  | mutation]
  1353 | D:2      | Slain by a worker ant

Skill      XL: |  1  2 |
---------------+-------+-----
Maces & Flails | 3 |  3.3
Fighting       | |  2.8
Dodging        | |  2.7
Stealth        | |  0.1
Shields        | |  0.1

Action                   || total
-------------------------++-------
Melee: Mace              ||   154
  Use: Scroll            ||     3
       Potion            ||     2
 Stab: Sleeping          ||     1
  Eat: Chunk             ||    18
Armor: Animal skin       ||     9
       Robe              ||    85
Dodge: Dodged            ||    91
Block: Large shield      ||    49
